Map: Turbo Cruise '84 LE

Players

MaliCiouS - Winner!

  • Race: Zerg Zerg
  • League: Platinum
  • Spawn Location: 3:00

TheProfet

  • Race: Protoss Protoss
  • Spawn Location: 7:00

VOD

Have the link to the VOD?

Description

Time

  • Played on: May 27, 2019, 10:51 p.m.
  • Length: 4:18
Show
View Real Time Build Order
Export as new Build Order

MaliCiouS Zerg - Winner!

Build Orders: Pool First 

Get SALT Encoding   

  12  0:03  Drone  
  13  0:12  Overlord  
  13  0:17  Drone  
  14  0:21  Extractor  
  14  0:24  Drone  
  14  0:30  Drone  
  15  0:38  Drone  
  16  0:54  Spawning Pool  
  15  1:12  Drone x2  
  15  1:13  Drone  
  18  1:33  Hatchery  
  17  1:53  Zergling x6  
  20  1:58  Queen  
  22  2:04  Metabolic Boost  
  22  2:10  Overlord  
  22  2:33  Zergling x2  
  22  2:34  Zergling x2  
  24  2:44  Queen  
  26  2:52  Drone x3  
  26  2:53  Queen  
  31  3:00  Baneling Nest  
  31  3:01  Drone  
  31  3:09  Drone x2  
  33  3:15  Drone x2  
  33  3:19  Drone  
  36  3:27  Overlord  
  35  3:48  Zergling x4  
  35  3:52  Baneling x5  
  35  3:53  Zergling x12  
  35  3:54  Zergling x2  
Show
View Real Time Build Order
Export as new Build Order

TheProfet Protoss 

Build Orders:  

Get SALT Encoding   

  13  0:13  Pylon  
  12  0:16  Probe  
  13  0:33  Forge  
  13  0:53  Pylon  
  12  1:23  Probe  
  12  1:31  Probe  
  13  1:34  Gateway  
  14  1:44  Probe  
  14  1:52  Probe  
  15  1:55  Pylon  
  15  2:00  Pylon  
  16  2:01  Probe  
  17  2:14  Photon Cannon  
  17  2:20  Photon Cannon  
  17  2:22  Pylon  
  17  2:25  Photon Cannon  
  17  2:36  Probe  
  17  2:44  Probe  
  18  2:51  Gateway  
  18  2:54  Probe  
  18  2:55  Cybernetics Core  
  18  2:58  Pylon  
  19  3:00  Pylon  
  19  3:06  Zealot  
  19  3:10  Photon Cannon  
  21  3:20  Pylon  
  21  3:25  Probe  
  21  3:27  Assimilator  
  21  3:30  Assimilator  
  21  3:33  Probe  
  22  3:43  Probe  
  21  3:59  Photon Cannon  
Tags
 
Add a new tag
Caveats
  • Supply blocks, unpowered buildings, or Contaminate may cause inaccurate times.
  • Supply counts are checked every 10 seconds.